 Dungeon Crawl Stone Soup version 0.19.1 (webtiles) character file.

8011 empire the Covert (level 11, -4/73 HPs)
             Began as a Vampire Assassin on Dec 14, 2016.
             Was a Priest of Dithmenos.
             Slain by an orc warrior
             ... wielding a +0 war axe
              (14 damage)
             ... on level 9 of the Dungeon.
             The game lasted 00:31:25 (12667 turns).

empire the Covert (Vampire Assassin)               Turns: 12667, Time: 00:31:25

Health: -4/73      AC:  9    Str: 11    XL:     11   Next: 4%
Magic:  14/14      EV: 19    Int: 13    God:    Dithmenos [***...]
Gold:   588        SH:  0    Dex: 19    Spells: 0 memorised, 10 levels left

rFire  . . .     SeeInvis +     b - +3 short sword (venom)
rCold  . . .     Gourm    .     y - +0 leather armour
rNeg   + . .     Faith    .     (no shield)
rPois  .         Spirit   .     i - +1 helmet
rElec  .         Reflect  .     r - +2 cloak
rCorr  .         Harm     .     X - +0 pair of gloves
MR     +....                    (no boots)
Stlth  ++++++++..               (no amulet)
                                (no ring)
                                (no ring)

@: wreathed by umbra
A: fangs 3, see invisible, unbreathing
a: Bat Form, Shadow Step, Renounce Religion


You were on level 9 of the Dungeon.
You worshipped Dithmenos.
Dithmenos was most pleased with you.
You were not thirsty.

You visited 2 branches of the dungeon, and saw 11 of its levels.
You also visited: Sewer and Ossuary.

You collected 588 gold pieces.

Inventory:

Hand Weapons
 a - a +2 dagger of pain
 b - a +3 short sword of venom (weapon)
 d - a +0 dagger of venom
 k - a +1 vampiric whip
 l - a +2 dagger
 o - a +0 blowgun
 s - a +0 dagger of venom
 u - a +0 war axe of electrocution
 B - a +2 hunting sling of flaming
 K - the cursed +3 long sword of Xuqoseph {drain, *Drain +Rage rN+}
   (You found it on level 9 of the Dungeon)

   A truly terrible weapon, it drains the life of those it strikes.
   It protects you from negative energy.
   It lets you go berserk.
   It causes draining when unequipped.
   It has a curse placed upon it.
 P - the +8 quarterstaff "Tujulles" {drain, rPois rC+}
   (You found it on level 8 of the Dungeon)

   A truly terrible weapon, it drains the life of those it strikes.
   It protects you from cold.
   It protects you from poison.
Missiles
 e - 98 poisoned needles
 f - 2 curare-tipped needles
 j - 263 arrows
 t - 86 bolts
 w - 3 tomahawks of returning (quivered)
 J - 4 javelins of returning
Armour
 h - a +1 hat
 i - a +1 helmet (worn)
 r - a +2 cloak (worn)
 y - a +0 leather armour (worn)
 E - a +0 plate armour
 G - a +3 ring mail
 X - a +0 pair of gloves (worn)
 Y - a +2 scale mail of magic resistance
Jewellery
 F - an uncursed ring of fire
Wands
 c - a wand of digging (10/24)
 H - a wand of iceblast (2/15)
 L - a wand of polymorph (15/24)
 M - a wand of confusion (29/48)
 O - a wand of polymorph (17/24)
 S - a wand of flame (17/48)
 U - a wand of paralysis (8/24)
Scrolls
 m - 2 scrolls of enchant armour
 n - 7 scrolls of remove curse
 p - a scroll of recharging
 x - 4 scrolls of amnesia
 C - a scroll of magic mapping
 D - 4 scrolls of random uselessness
 I - 2 scrolls of noise {unknown}
 R - 4 scrolls of identify
Potions
 g - 21 potions of blood
 q - a potion of flight
 v - a potion of brilliance
 z - a potion of curing
 A - 9 potions of might
 Q - 2 potions of ambrosia
Books
 N - a book of Air

   Spells                             Type                      Level
   a - Shock                          Conjuration/Air              1
   b - Swiftness                      Charms/Air                   2
   c - Repel Missiles                 Charms/Air                   2
   d - Static Discharge               Conjuration/Air              3
   e - Lightning Bolt                 Conjuration/Air              5
 T - a book of Flames

   Spells                             Type                      Level
   a - Flame Tongue                   Conjuration/Fire             1
   b - Throw Flame                    Conjuration/Fire             2
   c - Conjure Flame                  Conjuration/Fire             3
   d - Inner Flame                    Hexes/Fire                   3
   e - Sticky Flame                   Conjuration/Fire             4
   f - Fireball                       Conjuration/Fire             5
   Dithmenos disapproves of the use of such an item.
 W - a book of Changes

   Spells                             Type                      Level
   a - Beastly Appendage              Transmutation                1
   b - Sticks to Snakes               Transmutation                2
   c - Spider Form                    Transmutation/Poison         3
   d - Ice Form                       Ice/Transmutation            4
   e - Blade Hands                    Transmutation                5


   Skills:
 + Level 2.5 Fighting
 + Level 10.1 Short Blades
 - Level 1.5 Throwing
 + Level 9.1 Dodging
 + Level 13.9 Stealth
 + Level 5.1 Invocations
 + Level 5.1 Evocations


You had 10 spell levels left.
You didn't know any spells.

Dungeon Overview and Level Annotations

Branches:
Dungeon (10/15)            Temple (1/1) D:5
   Lair: D:8-11         Orc: D:9-12

Altars:
Ashenzari
Cheibriados
Dithmenos
Elyvilon
Fedhas
Gozag
Hepliaklqana
Kikubaaqudgha
Makhleb
Nemelex Xobeh
Okawaru
Qazlal
Ru
Sif Muna
Trog
Uskayaw
Vehumet
Xom
Yredelemnul
Zin
The Shining One

Shops:
D:4 }(


Innate Abilities, Weirdness & Mutations

You have razor-sharp teeth.
You have supernaturally acute eyesight. (SInv)
You can survive without breathing.


Message History

The orc warrior looks even sicker.
You bite the orc warrior, but do no damage.
You hit the orc warrior.
The orc warrior looks as sick as possible!
The orc warrior is lightly wounded.
The orc warrior misses you.
You hit the orc warrior.
The orc warrior looks as sick as possible!
The orc warrior is lightly wounded.
You barely miss the orc warrior.
The orc warrior is lightly wounded.
The orc warrior hits you with a war axe!
* * * LOW HITPOINT WARNING * * *
You hit the orc warrior.
The orc warrior is moderately wounded.
You hit the orc warrior but do no damage.
The orc warrior looks as sick as possible!
The orc warrior is moderately wounded.
The orc warrior hits you with a war axe!
You die...

#.................##
...................#
.................#.## ####
...............###..##########...
..............## ##..............
........#...### #........######
.....###...########..########
#######..#####...o##.##.....####
# ##...###.....@.##.##........##
###...##.........##........<....
##....#...........##.............
#.................##....[........
..................##.............
..................#.##..)[.......
..#...............#.#............
.####............##.#..).........
## ##...........##.#............


You could see an orc warrior.

Vanquished Creatures
  A hydra (D:8)
  2 hill giants (D:10)
  Joseph (D:7)
  A gargoyle (D:10)
  2 hippogriffs (D:8)
  A vampire (D:10)
  A wraith (Ossuary)
  9 yaks (D:9)
  A water moccasin (D:9)
  Duvessa (D:5)
  3 orc warriors
  2 ice beasts
  2 ogres
  10 centaurs
  A bullfrog (D:8)
  2 elf zombies (D:8)
  A wyvern zombie (D:8)
  Dowan (D:5)
  6 scorpions
  2 howler monkeys
  A quasit (D:8)
  5 crimson imps
  2 bullfrog zombies
  A human zombie (Ossuary)
  4 hounds
  2 jellies
  A human skeleton (D:8)
  4 orc priests
  6 orc wizards
  A bullfrog skeleton (D:7)
  Terence (D:3)
  6 iguanas
  6 worker ants
  A hound zombie (D:8)
  3 mummies (Ossuary)
  2 hound skeletons
  2 worker ant zombies
  7 gnolls
  6 river rats
  16 adders
  An ooze (Sewer)
  3 dart slugs (D:1)
  5 worms
  6 leopard geckos
  46 orcs
  6 bats
  7 giant cockroaches
  A gnoll zombie (Ossuary)
  6 goblins
  11 hobgoblins
  11 jackals
  2 quokkas (D:6)
  7 ball pythons
  A frilled lizard (Sewer)
  3 goblin zombies (Ossuary)
  4 hobgoblin zombies (Ossuary)
  22 kobolds
  2 kobold zombies (Ossuary)
  A leopard gecko skeleton (D:6)
  3 orc skeletons (D:8)
  A quokka zombie (D:9)
  31 rats
307 creatures vanquished.

Notes
Turn   | Place    | Note
-------+----------+-------------------------------------------
     0 | D:1      | empire the Vampire Assassin began the quest for the Orb.
     0 | D:1      | Reached XP level 1. HP: 16/16 MP: 1/1
    73 | D:1      | Reached skill level 6 in Stealth
   142 | D:1      | Reached XP level 2. HP: 10/22 MP: 2/2
   233 | D:1      | HP: 1/22 [kobold/vampiric whip (2)]
  1026 | D:1      | Reached XP level 3. HP: 27/27 MP: 3/3
  1874 | D:2      | Reached XP level 4. HP: 33/33 MP: 4/4
  2252 | D:3      | Reached skill level 7 in Stealth
  2605 | D:3      | Found a glowing drain.
  2609 | Sewer    | Entered a sewer
  3474 | Sewer    | Reached XP level 5. HP: 20/38 MP: 5/5
  4252 | Sewer    | Reached skill level 8 in Stealth
  4525 | D:3      | Noticed Terence
  4542 | D:3      | Killed Terence
  4675 | D:3      | Reached XP level 6. HP: 20/44 MP: 6/6
  5109 | D:3      | HP: 1/44 [gnoll/club (11)]
  5542 | D:3      | Reached skill level 5 in Short Blades
  5754 | D:4      | Reached skill level 9 in Stealth
  5758 | D:4      | Reached XP level 7. HP: 49/49 MP: 7/7
  5792 | D:4      | Found Racwerho's Gadget Shop.
  5956 | D:4      | Found Seorapu's Weapon Boutique.
  6721 | D:5      | Entered Level 5 of the Dungeon
  6757 | D:5      | Reached skill level 5 in Dodging
  6757 | D:5      | Reached skill level 10 in Stealth
  6839 | D:5      | Noticed Duvessa
  6847 | D:5      | Noticed Dowan
  6862 | D:5      | Killed Duvessa
  6862 | D:5      | Reached XP level 8. HP: 45/55 MP: 8/8
  6864 | D:5      | Killed Dowan
  7199 | D:5      | Reached skill level 11 in Stealth
  7221 | D:5      | Found a staircase to the Ecumenical Temple.
  7233 | Temple   | Entered the Ecumenical Temple
  7560 | Temple   | Became a worshipper of Dithmenos the Shadowed
  8476 | D:7      | Reached skill level 1 in Invocations
  8476 | D:7      | Reached skill level 1 in Evocations
  8476 | D:7      | Reached XP level 9. HP: 58/61 MP: 9/9
  8497 | D:7      | Noticed Joseph
  8543 | D:7      | Killed Joseph
  8617 | D:7      | Reached * piety under Dithmenos
  8617 | D:7      | Reached skill level 12 in Stealth
  9193 | D:7      | You fall through a shaft!
  9198 | D:8      | Got a steaming quarterstaff
  9308 | D:8      | Found a sand-covered staircase.
  9492 | Ossuary  | Entered an ossuary
  9767 | Ossuary  | Identified the +8 quarterstaff "Tujulles" {drain, rPois rC+} (You found it on level 8 of the Dungeon)
  9963 | D:8      | Reached ** piety under Dithmenos
 10198 | D:8      | Noticed a five-headed hydra
 10200 | D:8      | Killed a five-headed hydra
 10200 | D:8      | Reached XP level 10. HP: 67/67 MP: 12/12
 10453 | D:8      | Reached skill level 13 in Stealth
 11656 | D:9      | Got a crude long sword
 11657 | D:9      | Identified the cursed +3 long sword of Xuqoseph {drain, *Drain +Rage rN+} (You found it on level 9 of the Dungeon)
 11742 | D:9      | Reached *** piety under Dithmenos
 11989 | D:10     | Entered Level 10 of the Dungeon
 12517 | D:10     | Noticed a hill giant
 12525 | D:10     | Killed a hill giant
 12525 | D:10     | Reached skill level 10 in Short Blades
 12596 | D:10     | Noticed a hill giant
 12603 | D:10     | Noticed a gargoyle
 12607 | D:10     | Killed a gargoyle
 12607 | D:10     | Reached skill level 5 in Invocations
 12640 | D:10     | Killed a hill giant
 12640 | D:10     | Reached skill level 5 in Evocations
 12640 | D:10     | Reached XP level 11. HP: 44/73 MP: 14/14
 12667 | D:9      | Slain by an orc warrior

Skill      XL: |  1  2  3  4  5  6  7  8  9 10 |
---------------+-------------------------------+-----
Stealth        | 6 7 8 9 10 11 12 13 | 13.9
Short Blades   | 3 4 5 6 8 9 10 | 10.1
Dodging        | 2 3 4 5 6 8 9 |  9.1
Invocations    | 1 3 5 |  5.1
Evocations     | 1 3 5 |  5.1
Fighting       | 2 |  2.5
Throwing       | |  1.5

Action                   |  1- 3 |  4- 6 |  7- 9 | 10-12 || total
-------------------------+-------+-------+-------+-------++-------
Melee: Dagger            |   113 |   192 |       |       ||   305
       Bite              |    11 |    27 |    53 |    44 ||   135
       Short sword       |       |   125 |   403 |   294 ||   822
Evoke: Wand              |       |       |       |    12 ||    12
  Use: Potion            |     1 |    14 |    17 |     9 ||    41
       Scroll            |       |     8 |    14 |     4 ||    26
 Stab: Sleeping          |     9 |    19 |    34 |    13 ||    75
       Distracted        |     1 |       |     2 |       ||     3
  Eat: Corpse            |       |     7 |     2 |       ||     9
Armor: Robe              |    31 |    50 |       |       ||    81
       Skin              |       |    26 |       |       ||    26
       Leather armour    |       |    51 |    53 |    39 ||   143
Dodge: Dodged            |    69 |   225 |   238 |   179 ||   711
